AoeStats
← Bandolero

Arabia

508963828Analyzed
1v1 RM · 6d ago on Sep 24, 2026· 17m 25s· 2 players
Game mode
Random Map
Map size
Tiny (2 player)
Population
200
Speed
Normal
Resources
Standard
Victory
Conquest
Starting age
Dark Age
Ending age
Imperial Age
RankedLock teamsTeams togetherTeam positionsShared explorationLock speedFull tech treeHidden civsTurbo modeCheats
Victory
Defeat
🇦🇷 Maya · Argentina
1345
+17
🇹🇼 Huns · Taiwan
1364
-17
Bandolero
0:26 Loom
9:03 Feudal Age
10:02 Double-Bit Axe
12:18 Fletching
羅sai
9:56 Loom
12:33 Feudal Age
18:15 Castle Age
16:30 Fletching
17:10 Bloodlines
Connection lost

Rejoining the realm…

Still unreachable

The connection could not be restored.

Session expired

The server has moved on; the page needs a fresh start.